 Dungeon Crawl Stone Soup version 0.26.1-11-gd32895ea62 (webtiles) character file.

Game seed: 11794517841634281328

1310 Zeld the Cleaver (level 8, -1/64 HPs)
             Began as a Minotaur Berserker on May 27, 2021.
             Was a Priest of Trog.
             Slain by a hobgoblin
             ... wielding a +0 club
              (5 damage)
             ... on level 5 of the Dungeon.
             The game lasted 00:06:00 (8955 turns).

Zeld the Cleaver (Minotaur Berserker)               Turns: 8955, Time: 00:06:00

Health: -1/64      AC:  1    Str: 24    XL:     8   Next: 32%
Magic:  7/7        EV: 12    Int:  4    God:    Trog [***...]
Gold:   107        SH:  0    Dex: 10    Spells: 7/7 levels left

rFire    . . .     SeeInvis .   a - +0 hand axe
rCold    . . .     Faith    .   (no shield)
rNeg     . . .     Spirit   .   (no armour)
rPois    .         Reflect  .   (helmet restricted)
rElec    .         Harm     .   j - +0 cloak
rCorr    +         Rampage  .   (no gloves)
Will     .....                  (no boots)
Stlth    +.........             (no amulet)
HPRegen  0.20/turn              (no ring)
MPRegen  0.10/turn              l - ring of resist corrosion

@: berserk cooldown, slowed, very slow
A: retaliatory headbutt, horns 2
a: Renounce Religion, Berserk, Trog's Hand


You were on level 5 of the Dungeon.
You worshipped Trog.
Trog was most pleased with you.
You visited 2 branches of the dungeon, and saw 6 of its levels.

You collected 302 gold pieces.
You spent 195 gold pieces at shops.

Inventory:

Hand Weapons
 a - a +0 hand axe (weapon)
Armour
 j - a +0 cloak (worn)
Jewellery
 l - a ring of resist corrosion (right hand)
 s - an uncursed ring of poison resistance
Wands
 v - a wand of disintegration (20)
 w - a wand of acid (6)
Scrolls
 c - 7 scrolls of remove curse
 d - 3 scrolls of magic mapping
 k - a scroll of fear
 m - 2 scrolls of blinking
 p - 2 scrolls of amnesia {unknown}
 q - 6 scrolls of teleportation
 r - a scroll of immolation {unknown}
 t - a scroll of fog {unknown}
 u - a scroll of enchant armour {unknown}
Potions
 b - 2 potions of attraction {unknown}
 e - 2 potions of magic {unknown}
 f - 2 potions of curing {unknown}
 g - a potion of might {unknown}
 h - 3 potions of mutation {unknown}
 i - 2 potions of brilliance {unknown}
 n - 2 potions of degeneration {unknown}
 o - a potion of flight {unknown}


   Skills:
 - Level 3.6 Fighting
 * Level 12.3 Axes
 - Level 2.4 Armour
 - Level 2.1 Dodging


You had 7 spell levels left.
You didn't know any spells.
Your spell library was empty.

Dungeon Overview and Level Annotations

Branches:
Dungeon (5/15)             Temple (1/1) D:4

Altars:
Ashenzari
Cheibriados
Dithmenos
Elyvilon
Fedhas
Gozag
Hepliaklqana
Kikubaaqudgha
Makhleb
Nemelex Xobeh
Okawaru
Qazlal
Ru
Sif Muna
Trog
Vehumet
Wu Jian
Xom
Yredelemnul
Zin
The Shining One

Shops:
D:5 [?:}


Innate Abilities, Weirdness & Mutations

You reflexively headbutt those who attack you in melee.
You have a pair of horns on your head.


Message History

The big kobold throws a stone.
The stone barely misses you.
The goblin shoots a stone.
The stone hits you.
* * * LOW HITPOINT WARNING * * *
The big kobold throws a stone.
The stone barely misses you.
The goblin shoots a stone.
The stone closely misses you.
Things that are here:
3 stones; a +0 club; a hobgoblin corpse
Press: ? - help, v - describe, . - travel, g - get item
Items here: a +2 flail of protection; a +0 scale mail; the human corpse of Edmund.
The floor, spattered with blood.
You're still recovering from your berserk rage.
The hobgoblin closely misses you.
The goblin shoots a stone.
The stone hits you!
* * * LOW HITPOINT WARNING * * *
Things that are here:
2 stones; a +0 short sword; 17 gold pieces The goblin shoots a stone.
The stone closely misses you.
The goblin shoots a stone.
The stone barely misses you. The hobgoblin hits you with a +0 club.
You die...

≈≈≈....K≈≈≈≈≈≈≈≈≈≈≈≈≈≈≈≈≈≈≈≈≈≈≈≈#
≈≈.....)≈≈≈≈≈≈≈≈≈≈≈≈≈≈≈≈≈≈≈≈≈≈≈≈≈
≈≈≈....)K≈((≈≈≈≈≈≈≈≈≈≈≈≈≈≈≈≈≈≈≈≈≈
≈≈≈....≈))≈.(.≈≈≈≈...≈≈..≈≈...≈.≈
............K((..................
............g(....(..............
#.#.########g)(######..........##
#...# #......((g#####.#.######.#
##.####.#####.#.@............#.#
................(>###...#...##.#
#######.###....(.<..#...#...##.#
### #.# #.....(...#...#...##.#
..# #.# #.........#...#...##.#
..# #.# #....#'#..#.......##.#
..# ###+###....'∩'.##.......##.#
### #......##..#+#..........##.##
# #......#####..........#.##...


You could see a hobgoblin, 2 goblins and a kobold.

Vanquished Creatures
  Grinder (D:5)
  Edmund (D:5)
  3 ice beasts
  A phantom (D:4)
  A howler monkey (D:5)
  2 orc priests
  A jelly (D:5)
  4 hounds
  An orc wizard (D:4)
  4 worker ants
  4 gnolls
  8 adders
  An ufetubus (D:5)
  An adder zombie (D:5)
  3 worms
  A dart slug (D:2)
  3 leopard geckos
  23 orcs
  7 bats
  6 giant cockroaches
  13 goblins
  13 hobgoblins
  14 jackals
  2 quokkas
  2 ball pythons
  3 frilled lizards
  6 kobolds
  2 rats
131 creatures vanquished.

Notes
Turn   | Place    | Note
-------+----------+-------------------------------------------
     0 | D:1      | Zeld the Minotaur Berserker began the quest for the Orb.
     0 | D:1      | Reached XP level 1. HP: 19/19 MP: 0/0
   331 | D:1      | Reached skill level 4 in Axes
   549 | D:1      | Reached XP level 2. HP: 26/26 MP: 1/1
   674 | D:1      | Found a sparkling altar of Nemelex Xobeh.
   908 | D:2      | Reached skill level 5 in Axes
  1013 | D:2      | Reached XP level 3. HP: 31/31 MP: 2/2
  1248 | D:2      | Reached ** piety under Trog
  1704 | D:2      | Reached skill level 6 in Axes
  1704 | D:2      | Reached XP level 4. HP: 39/39 MP: 3/3
  2901 | D:3      | Reached XP level 5. HP: 35/45 MP: 4/4
  2991 | D:3      | Reached skill level 7 in Axes
  3363 | D:3      | Reached *** piety under Trog
  3835 | D:4      | Noticed a phantom
  3848 | D:4      | Killed a phantom
  3849 | D:4      | Reached skill level 8 in Axes
  3849 | D:4      | Reached XP level 6. HP: 26/51 MP: 5/5
  4574 | D:4      | Reached skill level 9 in Axes
  5532 | D:4      | Found a transporter.
  5596 | D:4      | Found a staircase to the Ecumenical Temple.
  5602 | D:4      | Reached XP level 7. HP: 48/57 MP: 6/6
  5607 | Temple   | Entered the Ecumenical Temple
  6056 | D:4      | Found a transporter.
  6555 | D:4      | Reached skill level 10 in Axes
  7533 | D:5      | Entered Level 5 of the Dungeon
  7583 | D:5      | Found Oxep's Magic Scroll Emporium.
  7608 | D:5      | Bought a scroll of identify for 26 gold pieces
  7608 | D:5      | Bought a scroll of teleportation for 39 gold pieces
  7608 | D:5      | Bought a scroll of teleportation for 39 gold pieces
  7608 | D:5      | Bought a scroll of identify for 26 gold pieces
  7608 | D:5      | Bought a scroll of remove curse for 39 gold pieces
  7608 | D:5      | Bought a scroll of identify for 26 gold pieces
  7629 | D:5      | Noticed Grinder
  7632 | D:5      | Paralysed by Grinder for 6 turns
  7645 | D:5      | Killed Grinder
  7646 | D:5      | Reached skill level 11 in Axes
  7815 | D:5      | Found Uhoigalu's Book Shoppe.
  8256 | D:5      | Reached XP level 8. HP: 39/64 MP: 7/7
  8464 | D:5      | Found Pidifup's Antique Armour Shoppe.
  8768 | D:5      | Found Qiabluhor's Gadget Shoppe.
  8913 | D:5      | Noticed Edmund
  8928 | D:5      | Killed Edmund
  8929 | D:5      | Reached skill level 12 in Axes
  8953 | D:5      | HP: 3/64 [goblin/stone (7)]
  8955 | D:5      | Slain by a hobgoblin

Illustrated notes

Levels and vault maps discovered:
D:1:      elethiomel_arrival_infinity_welcomes_careful_drivers,
          layout_loops_ring, nemelex_diamond_rough_becter
D:2:      layout_rooms
D:3:      layout_loops_corners
D:4:      gammafunk_cloud_chamber, layout_loops_ring, minmay_temple_entry_wispy,
          minivault_14
D:5:      minmay_goblin_kobold_castle, layout_basic, serial_shops, shop,
          nicolae_shop_stone, nicolae_shop_statue_plus,
          nicolae_shop_behind_doors, uniq_grinder, uniq_edmund
Temple:   nicolae_temple_the_god_donut

Skill      XL: |  1  2  3  4  5  6  7  8 |
---------------+-------------------------+-----
Axes           | 4 5 6 8 9 11 12 | 12.3
Fighting       | |  3.6
Armour         | |  2.4
Dodging        | |  2.1

Action                   |  1- 3 |  4- 6 |  7- 9 || total
-------------------------+-------+-------+-------++-------
Melee: Hand axe          |    64 |   178 |    85 ||   327
       Headbutt          |     6 |    24 |    13 ||    43
Invok: Berserk           |     1 |     4 |     5 ||    10
  Use: Scroll            |       |     1 |     4 ||     5
       Potion            |       |       |     1 ||     1
 Stab: Sleeping          |     1 |     1 |       ||     2
Armor: Skin              |    10 |    14 |     5 ||    29
Dodge: Dodged            |    62 |   107 |    63 ||   232
